 Dungeon Crawl Stone Soup version 0.28-b1-1-g3c77fb2ed1 (webtiles) character file.

Game seed: 16288796089084132772

4672 McKennaii the Destroyer (level 10, -17/73 HPs)
             Began as a Demigod Conjurer on Jan 29, 2022.
             Killed from afar by a gnoll (21 damage)
             ... with a bolt of acid
             ... on level 7 of the Dungeon.
             The game lasted 00:19:17 (11239 turns).

McKennaii the Destroyer (Demigod Conjurer)         Turns: 11239, Time: 00:19:17

Health: -17/73     AC:  8    Str:  7 (8)  XL:     10   Next: 1%
Magic:  7/27       EV:  6    Int: 41      God:
Gold:   348        SH:  0    Dex: 13 (14) Spells: 20/27 levels left

rFire   . . .      SeeInvis +   G - +2 whip (elec)
rCold   + . .      Faith    .   (no shield)
rNeg    . . .      Spirit   .   J - +2 robe of the Arena {Contam rElec Regen+ Dex+2 SInv}
rPois   .          Reflect  .   i - +0 helmet
rElec   +          Harm     .   w - +0 cloak
rCorr   .          Rampage  .   k - +0 pair of gloves
Will    +....                   b - +0 pair of boots
Stlth   ++........              (no amulet)
HPRegen 1.02/turn               s - ring "Yfeo" {rC+ Int+3 Slay+2}
MPRegen 0.20/turn               q - +6 ring of intelligence

@: about to teleport, held
A: high mp 1, forlorn, divine attributes
a: no special abilities


You were on level 7 of the Dungeon.
You visited 1 branch of the dungeon, and saw 8 of its levels.
You also visited: Sewer and Ossuary.

You collected 348 gold pieces.

Inventory:

Hand Weapons
 G - a +2 whip of electrocution (weapon)
Armour
 b - a +0 pair of boots (worn)
 i - a +0 helmet (worn)
 k - a +0 pair of gloves (worn)
 w - a +0 cloak (worn)
 J - the +2 robe of the Arena (worn) {Contam rElec Regen+ Dex+2 SInv}
   (You found it on level 8 of the Dungeon)

   Dex:       It affects your dexterity (+2).
   rElec:     It insulates you from electricity.
   SInv:      It lets you see invisible.
   Contam:    It causes magical contamination when unequipped.
   Regen:     It increases your rate of health regeneration.
Jewellery
 n - a ring of flight
 q - a +6 ring of intelligence (right hand)
 s - the ring "Yfeo" (left hand) {rC+ Int+3 Slay+2}
   (You found it on level 4 of the Dungeon)

   [ring of protection from cold]

   Int:       It affects your intelligence (+3).
   Slay:      It affects your accuracy & damage with ranged weapons and melee
   (+2).
   rC:        It protects you from cold.
 H - a +6 ring of dexterity
Wands
 u - a wand of charming (8)
 x - a wand of acid (18)
 F - a wand of polymorph (15)
 I - a wand of mindburst (20)
Scrolls
 c - 2 scrolls of brand weapon {unknown}
 d - 3 scrolls of identify
 f - 3 scrolls of magic mapping {unknown}
 h - 2 scrolls of fear {unknown}
 j - 2 scrolls of fog {unknown}
 m - 2 scrolls of holy word {unknown}
 r - 6 scrolls of teleportation
 t - 2 scrolls of enchant weapon {unknown}
 v - a scroll of acquirement {unknown}
 y - 2 scrolls of torment {unknown}
Potions
 a - 4 potions of might
 e - 3 potions of curing
 g - 3 potions of mutation
 l - a potion of experience {unknown}
 o - a potion of invisibility {unknown}
 p - a potion of haste {unknown}
 z - 3 potions of degeneration
 B - a potion of resistance {unknown}
 C - a potion of ambrosia {unknown}
 D - 2 potions of heal wounds {unknown}
 E - a potion of flight {unknown}


   Skills:
 - Level 2.0 Fighting
 - Level 2.0 Dodging
 - Level 2.0 Stealth
 - Level 0.4 Unarmed Combat
 + Level 9.0 Spellcasting
 - Level 10.0 Conjurations
 - Level 2.0 Translocations


You had 20 spell levels left.
You knew the following spells:

 Your Spells              Type           Power      Damage    Failure   Level
a - Magic Dart            Conj           100%       1d8       1%          1
b - Searing Ray           Conj           100%       2d8       1%          2
c - Iskenderun's Mystic   Conj/Tloc      61%        2d13      1%          4

Your spell library contained the following spells:

 Spells                   Type           Power      Damage    Failure   Level
 Blink                    Tloc           70%        N/A       1%          2
 Dazzling Flash           Conj/Hex       100%       N/A       1%          3
 Ensorcelled Hibernation  Hex/Ice        36%        N/A       2%          2
 Passwall                 Tmut/Erth      15%        N/A       2%          2
 Gell's Gravitas          Tloc           35%        N/A       2%          3
 Lesser Beckoning         Tloc           35%        N/A       2%          3
 Teleport Other           Tloc           35%        N/A       2%          3
 Fulminant Prism          Conj/Hex       28%        3d14      2%          4
 Swiftness                Air            18%        N/A       5%          3
 Manifold Assault         Tloc           35%        N/A       22%         5
 Agony                    Necr           18%        N/A       45%         5
 Silence                  Hex/Air        9%         N/A       45%         5
 Storm Form               Tmut/Air       9%         N/A       100%        7


Dungeon Overview and Level Annotations

Branches:
Dungeon (8/15)             Temple (0/1) D:7           Sewer (visited)
Ossuary (visited)
   Lair: D:8-11

Shops:
D:4 :

Annotations:
D:7 1 transporter, Acheron's ghost, novice TrMo


Innate Abilities, Weirdness & Mutations

You have an increased reservoir of magic. (+10% MP)
You shall have no god before yourself.
Your divine heritage dramatically boosts your attributes as you level up.


Message History

The gnoll sergeant is almost dead.
Unknown command.
Unknown command.
Unknown command.
Casting: Iskenderun's Mystic Blast (dangerous; 1% risk of failure)
Confirm with . or Enter, or press ? or * to list all spells.
You erupt in a blast of force!
The mystic blast hits the gnoll sergeant!
You kill the gnoll sergeant!
The mystic blast hits Grum!
Grum is severely wounded.
Grum is knocked back by the mystic blast.
Grum slams into the translucent stone wall!
Grum is almost dead.
You hear a shout!
Unknown command.
Unknown command.
As you read the scroll labelled VUKIZY MOGAST, it crumbles to dust.
It is a scroll of identify.
g - 3 potions of mutation The gnoll zaps a wand.
The puff of flame hits you.
As you read the scroll labelled ARABRY FUERCH, it crumbles to dust.
You feel strangely unstable.
It was a scroll of teleportation.
The gnoll hits you but does no damage.
Grum hits you from afar with a +1 halberd!
The gnoll zaps a wand.
The bolt of acid hits the gnoll!!
The acid corrodes the gnoll!
The gnoll dies!
The bolt of acid hits you!!
* * * LOW HITPOINT WARNING * * *
Unknown command.
Unknown command.
Unknown command.
Casting: Iskenderun's Mystic Blast (dangerous; 1% risk of failure)
Confirm with . or Enter, or press ? or * to list all spells.
You erupt in a blast of force!
The mystic blast hits Grum!
You kill Grum!
Acheron's ghost says, "I was once a great warrior, and I still am!"
The gnoll zaps a wand.
The bolt of acid hits you!!
You die...

....≈≈≈≈≈≈≈≈≈≈≈...≈≈≈≈≈≈≈≈≈≈≈..#
....≈≈≈≈≈≈≈≈≈≈≈...≈≈≈≈≈≈≈≈≈≈≈..#
....≈≈#####...........#####≈≈..#
....≈≈#.#.#.###.©.###.#.#.#≈≈..#
....≈≈#...###g#####g###g..#≈≈..#
....≈≈###...g..gg..W....###≈≈..#
....≈≈.8#.######)###'##.#8.≈≈..#
#...≈≈.##g#. #8).#...#.##.≈≈..#
##..≈≈.#.gh #)@.W...'..#.≈≈..#
##..≈≈.##. #8h)#...#.##.≈≈..#
##..≈≈.8#h######)###g##.#8.≈≈..#
⌠#..≈≈###.g.g.......g...###≈≈..#
##..≈≈#.hg###g#####g###.gg#≈≈..#
⌠#..≈≈#g#g#.###.©)###.#.#.#≈≈..#
##..≈≈#####...........#####≈≈..#
##..≈≈≈≈≈≈≈≈≈≈≈≈≈≈≈≈≈≈≈≈≈≈≈≈≈..#
##..≈≈≈≈≈≈≈≈≈≈≈≈≈≈≈≈≈≈≈≈≈≈≈≈≈..#


You could see a gnoll sergeant, a wolf, Acheron's ghost and a gnoll.

Vanquished Creatures
  An unseen horror (D:8)
  Grinder (Sewer)
  Grum (D:7)
  2 steam dragons
  The ghost of DildoBatman the Conjurer, an amateur FoCj (D:4)
  A water moccasin (D:8)
  A black bear (D:4)
  3 orc warriors
  2 necrophages
  3 sky beasts
  An ogre (D:7)
  A phantom (Sewer)
  4 centaurs
  An elf zombie (Ossuary)
  4 bullfrogs
  A kobold brigand (Sewer)
  2 scorpions
  2 gnoll sergeants
  Blork the orc (D:8)
  13 wights
  5 killer bees (D:7)
  A human zombie (Ossuary)
  3 hounds
  3 centaur zombies
  2 orc priests
  2 gnoll shamans
  2 bullfrog skeletons
  7 iguanas
  A killer bee zombie (D:7)
  A hound zombie (D:5)
  2 mummies (Ossuary)
  A howler monkey zombie (D:8)
  15 gnolls
  6 adders
  A river rat (D:3)
  3 shadow imps (Sewer)
  4 ufetubi
  2 adder zombies
  A worm (D:3)
  A dart slug (D:3)
  14 orcs
  12 endoplasms
  5 giant cockroaches
  A goblin (D:3)
  5 hobgoblins
  4 quokkas
  5 ball pythons
  9 bats
  2 frilled lizards (D:2)
  2 goblin zombies (Ossuary)
  8 hobgoblin zombies (Ossuary)
  2 jackal zombies (Ossuary)
  14 kobolds
  10 kobold zombies
  10 orc zombies (Ossuary)
  2 quokka zombies (D:6)
  11 rats
  2 rat zombies (Ossuary)
227 creatures vanquished.

Vanquished Creatures (others)
  A gnoll (D:7)
  6 plants (D:7)
7 creatures vanquished.

Grand Total: 234 creatures vanquished

Notes
Turn   | Place    | Note
-------+----------+-------------------------------------------
     0 | D:1      | McKennaii the Demigod Conjurer began the quest for the Orb.
     0 | D:1      | Reached XP level 1. HP: 14/14 MP: 5/5
   407 | D:1      | Reached skill level 4 in Conjurations
   407 | D:1      | Reached XP level 2. HP: 20/20 MP: 0/7
   410 | D:1      | Learned a level 2 spell: Searing Ray
  1124 | D:2      | Reached XP level 3. HP: 26/26 MP: 3/8
  1632 | D:2      | Reached skill level 5 in Conjurations
  1816 | D:3      | Reached XP level 4. HP: 33/33 MP: 3/10
  1949 | D:3      | Learned a level 4 spell: Iskenderun's Mystic Blast
  2008 | D:3      | Noticed a necrophage
  2017 | D:3      | Killed a necrophage
  2018 | D:3      | Reached XP level 5. HP: 32/38 MP: 1/11
  2219 | D:3      | Found a glowing drain.
  2307 | Sewer    | Entered a sewer
  2435 | Sewer    | Reached skill level 6 in Conjurations
  2898 | Sewer    | Reached XP level 6. HP: 31/45 MP: 3/13
  3003 | Sewer    | Noticed Grinder
  3021 | Sewer    | Paralysed by Grinder for 4 turns
  3025 | Sewer    | Killed Grinder
  3026 | Sewer    | Reached skill level 7 in Conjurations
  3323 | Sewer    | Reached XP level 7. HP: 42/50 MP: 5/15
  4419 | D:4      | Identified the ring "Yfeo" {rC+ Int+3 Slay+2}
  4491 | D:4      | Found a runed translucent door.
  4491 | D:4      | Noticed DildoBatman's ghost (amateur FoCj)
  4555 | D:4      | Found Igga's Book Emporium.
  5385 | D:4      | Killed DildoBatman's ghost
  5386 | D:4      | Reached skill level 8 in Conjurations
  5549 | D:5      | Entered Level 5 of the Dungeon
  5729 | D:5      | Identified the +1 robe "Myosona" {Dex+7 Stlth+}
  5748 | D:5      | Reached XP level 8. HP: 57/57 MP: 5/18
  6727 | D:5      | Reached skill level 9 in Conjurations
  6842 | D:6      | Reached skill level 5 in Spellcasting
  6971 | D:6      | Identified the +3 robe of Hospitality {Will++ Str-4}
  6980 | D:6      | Found a sand-covered staircase.
  7033 | Ossuary  | Entered an ossuary
  8119 | D:7      | Found a staircase to the Ecumenical Temple.
  8212 | D:7      | Reached skill level 10 in Conjurations
  8291 | D:7      | Reached XP level 9. HP: 49/63 MP: 1/22
  8329 | D:7      | Reached skill level 1 in Fighting
  8554 | D:7      | Found a transporter.
  8593 | D:7      | Reached skill level 1 in Translocations
  8970 | D:7      | Noticed Grum
  8980 | D:7      | Identified the ring "Zooneuce" {rC+ Int+6 SInv}
  8992 | D:7      | Found a transporter.
  8994 | D:7      | Identified the +4 trident "Izun" {chaos, Drain rF+ rCorr
                  | Str+3}
  8994 | D:7      | Identified the +0 kite shield "Piulug" {*Slow Int+5 Slay+5}
  9046 | D:7      | Noticed Acheron's ghost (novice TrMo)
 10417 | D:8      | Noticed Blork the orc
 10424 | D:8      | Killed Blork the orc
 10727 | D:8      | Identified the +4 hunting sling "Xics" {speed, rElec rPois
                  | Int+3}
 10833 | D:8      | Killed an unseen horror
 10986 | D:8      | Identified the +2 robe of the Arena {Contam rElec Regen+
                  | Dex+2 SInv}
 11235 | D:7      | Reached XP level 10. HP: 46/73 MP: 18/27
 11238 | D:7      | HP: 3/73 [gnoll/bolt of acid (31)]
 11239 | D:7      | Killed Grum
 11239 | D:7      | Killed from afar by a gnoll

Illustrated notes

Levels and vault maps discovered:
D:1:      sevenhm_arrival_forest_fort_small_3, layout_basic,
          shapermc_ecumenical_altar_mp_vishouse
D:2:      layout_basic
D:3:      layout_loops_corners, zin_academy, portal_sewer_entry_e,
          palyth_stone_intersect
D:4:      layout_basic, hellmonk_ghost_happy_afterlife, serial_shops,
          nicolae_diamond_shop, minmay_misc_feat_roman
D:5:      layout_layer_cave, nicolae_sif_muna_little_library,
          grunt_ministairs_10
D:6:      layout_gridville, enter_ossuary_4
D:7:      layout_basic, lightli_temple_of_fire, minmay_temple_entry_junction_2,
          gammafunk_ghost_gnarly_gnolls
D:8:      layout_basic, elyvilon_altar_5, minmay_misc_feat_chi, sword_in_stone

Skill      XL: |  1  2  3  4  5  6  7  8  9 |
---------------+----------------------------+-----
Conjurations   | 4 5 6 7 8 10 | 10.0
Spellcasting   | 2 3 4 6 9 |  9.0
Fighting       | 2 |  2.0
Translocations | 2 |  2.0
Dodging        | 2 |  2.0
Stealth        | 2 |  2.0
Unarmed Combat | |  0.4

Action                   |  1- 3 |  4- 6 |  7- 9 | 10-12 || total
-------------------------+-------+-------+-------+-------++-------
Melee: Unarmed           |       |     5 |     7 |       ||    12
       Whip              |       |       |     1 |       ||     1
 Cast: Magic Dart        |    77 |   107 |   231 |       ||   415
       Searing Ray       |       |    13 |    53 |       ||    66
       Iskenderun's Myst |       |       |    22 |     3 ||    25
  Use: Potion            |       |       |     3 |       ||     3
       Scroll            |       |       |       |     2 ||     2
Armor: Robe              |     1 |     2 |    49 |     1 ||    53
Dodge: Dodged            |     3 |    19 |    68 |       ||    90
